 Dungeon Crawl Stone Soup version 0.28-a0-794-gafe8c5f9e9 (webtiles) character file.

Game seed: 6079281169800681469

2832 croobank the Chucker (level 9, -18/78 HPs)
             Began as a Minotaur Berserker on Nov 5, 2021.
             Was a Priest of Trog.
             Demolished by a large slime creature (32 damage)
             ... on level 8 of the Dungeon.
             The game lasted 00:53:23 (7719 turns).

croobank the Chucker (Minotaur Berserker)           Turns: 7719, Time: 00:53:23

Health: -18/78     AC: 13    Str: 24    XL:     9   Next: 45%
Magic:  8/8        EV: 17    Int:  4    God:    Trog [***...]
Gold:   249        SH:  0    Dex: 11    Spells: 8/8 levels left

rFire   . . .      SeeInvis .   l - +0 scythe
rCold   . . .      Faith    .   (shield currently unavailable)
rNeg    . . .      Spirit   .   g - +0 chain mail
rPois   .          Reflect  .   (helmet restricted)
rElec   .          Harm     .   (no cloak)
rCorr   .          Rampage  .   v - +2 pair of gloves
Will    .....                   (no boots)
Stlth   ..........              (no amulet)
HPRegen 0.23/turn               w - +4 ring of evasion
MPRegen 0.11/turn               M - +4 ring of evasion

@: on berserk cooldown, slowed, very slow
A: horns 2, retaliatory headbutt
a: Renounce Religion, Berserk, Trog's Hand


You were on level 8 of the Dungeon.
You worshipped Trog.
Trog was most pleased with you.
You visited 2 branches of the dungeon, and saw 9 of its levels.
You also visited: Sewer.

You collected 349 gold pieces.
You spent 100 gold pieces at shops.

Inventory:

Hand Weapons
 a - a +0 hand axe
 c - a +1 dagger of venom
 e - a +0 shortbow
 l - a +0 scythe (weapon)
 r - a +2 halberd of freezing
 s - a +0 halberd
 t - the +4 dagger of Qij Sebb {speed, rElec Str+4}
   (You found it on level 4 of the Dungeon)

   Attacks with this weapon are significantly faster.
   Str:       It affects your strength (+4).
   rElec:     It insulates you from electricity.
 y - a +0 shortbow
 D - a +1 flail of venom
 F - a +2 scimitar
Missiles
 d - 323 stones
 h - 26 arrows
 i - 60 poisoned darts
 A - 10 boomerangs (quivered)
 G - 4 javelins
Armour
 b - a +0 animal skin
 g - a +0 chain mail (worn)
 m - a +2 robe of willpower
 v - a +2 pair of gloves (worn)
Magical Staves
 E - a staff of fire
Jewellery
 p - a ring of wizardry
 w - a +4 ring of evasion (left hand)
 L - a +6 ring of intelligence
 M - a +4 ring of evasion (right hand)
 P - a ring of magical power
Wands
 j - a wand of charming (8)
 H - a wand of flame (14)
Scrolls
 n - a scroll of enchant weapon {unknown}
 q - 6 scrolls of teleportation
 u - a scroll of blinking {unknown}
 z - a scroll of torment {unknown}
 B - a scroll of enchant armour
 C - a scroll of fear {unknown}
 I - a scroll of noise {unknown}
Potions
 f - a potion of attraction
 o - 2 potions of magic {unknown}
 x - 2 potions of lignification {unknown}
 J - a potion of curing
 K - a potion of flight {unknown}
 N - a potion of berserk rage {unknown}
 O - a potion of brilliance {unknown}


   Skills:
 + Level 6.9 Fighting
 + Level 4.1 Short Blades
 + Level 7.3 Axes
 + Level 0.1(4.4) Polearms
 + Level 7.8 Throwing
 + Level 4.9 Armour
 + Level 4.8 Dodging
 + Level 2.6 Stealth


You had 8 spell levels left.
You didn't know any spells.
Your spell library contained the following spells:

 Spells                   Type           Power      Damage    Failure   Level
 Sublimation of Blood     Necr           0%         N/A       99%         2
 Tukima's Dance           Hex            0%         N/A       100%        3
 Passage of Golubria      Tloc           0%         N/A       100%        4
 Petrify                  Tmut/Erth      0%         N/A       100%        4
 Irradiate                Conj/Tmut      0%         3d14      100%        5
 Yara's Violent Unravell  Hex/Tmut       0%         3d3       100%        5


Dungeon Overview and Level Annotations

Branches:
Dungeon (8/15)             Temple (1/1) D:5           Sewer (visited)
   Lair: D:8-11

Altars:
Ashenzari
Cheibriados
Dithmenos
Elyvilon
Kikubaaqudgha
Makhleb
Nemelex Xobeh
Okawaru
Qazlal
Ru
Sif Muna
Trog
Uskayaw
Vehumet
Wu Jian
Xom
Yredelemnul
Zin
The Shining One
Jiyva

Shops:
D:3 *   D:8 (


Innate Abilities, Weirdness & Mutations

You have a pair of horns on your head.
You reflexively headbutt those who attack you in melee.


Message History

The very large slime creature is lightly wounded.
A very large slime creature splits.
A large slime creature splits.
You slice the slime creature!!
The slime creature is moderately wounded.
You are no longer berserk.
You are exhausted.
You feel yourself slow down.
A large slime creature splits.
The slime creature hits you. The slime creature hits you!
The slime creature closely misses you. x2
The slime creature hits you. The slime creature closely misses you.
Two slime creatures merge to form a large slime creature. x2
There is a viscous altar of Jiyva here.
A large slime creature splits.
The slime creature hits you!
A large slime creature splits.
You see here 8 gold pieces.
Two slime creatures merge to form a large slime creature. x2
The slime creature hits you but does no damage.
You see here a scroll labelled LIYLYA RURIVE.
Two slime creatures merge to form a very large slime creature.
There is a transporter here.
You hit the very large slime creature but do no damage.
The very large slime creature is lightly wounded.
The very large slime creature barely misses you.
Two slime creatures merge to form a titanic slime creature.
You slash the titanic slime creature!
Your headbutt misses the titanic slime creature.
The titanic slime creature is lightly wounded.
A titanic slime creature splits.
The very large slime creature closely misses you.
You furiously retaliate!
You headbutt the very large slime creature!
The very large slime creature hits you!!
* * * LOW HITPOINT WARNING * * *
You enter the transporter and appear at another place.
A very large slime creature splits.
The large slime creature barely misses you.
You feel much better. The large slime creature hits you!!
* * * LOW HITPOINT WARNING * * *
The large slime creature hits you!!
You die...

####.......#.......[.#
........######$....###
####...## #©.._...# #
##.## ###.....### #
#.# #......$?©# # #.#
##[.#.#.)## #.#
##.###.## #.# #######
#.# #.J@J.# #.#
###J### #∩# ... #.#
####. #.# .#
##.######. #
##.........
#.....####. ##...##


You could see 2 large slime creatures and a slime creature.

Vanquished Creatures
  Pikel (D:6)
  A slime creature (D:8)
  Sigmund (D:2)
  Menkaure (D:6)
  Edmund (D:6)
  An orc warrior (D:7)
  2 necrophages
  An ice beast (D:7)
  A sky beast (D:4)
  An ogre (D:6)
  2 kobold brigands (Sewer)
  A bullfrog (D:8)
  A scorpion (D:5)
  A wyvern skeleton (D:5)
  3 wights (D:6)
  A howler monkey (D:4)
  4 jellies
  2 orc priests (D:5)
  A bullfrog zombie (D:7)
  2 hounds (D:6)
  A centaur skeleton (D:4)
  Jessica (D:2)
  Natasha (twice) (D:2)
  4 iguanas
  2 orc wizards (D:5)
  2 hound skeletons
  A howler monkey zombie (D:8)
  3 gnolls (D:4)
  9 adders
  A howler monkey skeleton (D:7)
  2 river rats (D:3)
  A shadow imp (D:5)
  An ufetubus (D:3)
  2 worms
  3 dart slugs
  8 orcs
  7 endoplasms
  A giant cockroach (D:1)
  7 goblins
  7 hobgoblins
  2 jackals (D:2)
  9 kobolds
  7 quokkas
  4 ball pythons
  2 bats
  2 frilled lizards
  A rat (D:1)
121 creatures vanquished.

Vanquished Creatures (others)
  3 plants
3 creatures vanquished.

Grand Total: 124 creatures vanquished

Notes
Turn   | Place    | Note
-------+----------+-------------------------------------------
     0 | D:1      | croobank the Minotaur Berserker began the quest for the
                  | Orb.
     0 | D:1      | Reached XP level 1. HP: 19/19 MP: 0/0
    17 | D:1      | You fall into a shaft and drop 1 floor!
   323 | D:2      | Reached XP level 2. HP: 27/27 MP: 1/1
   709 | D:1      | Reached XP level 3. HP: 31/33 MP: 2/2
  1240 | D:1      | Reached ** piety under Trog
  1241 | D:1      | Found a faded altar of an unknown god.
  1454 | D:2      | Found a burning altar of Makhleb.
  1520 | D:2      | Noticed Sigmund
  1531 | D:2      | Killed Sigmund
  1532 | D:2      | Reached skill level 5 in Axes
  1532 | D:2      | Reached skill level 1 in Stealth
  1532 | D:2      | Reached XP level 4. HP: 36/41 MP: 3/3
  1532 | D:2      | Reached XP level 5. HP: 41/47 MP: 4/4
  1687 | D:2      | Noticed Jessica
  1692 | D:2      | Killed Jessica
  1693 | D:2      | Reached skill level 5 in Fighting
  1702 | D:2      | Noticed Natasha
  1709 | D:2      | Killed Natasha
  1710 | D:2      | Reached XP level 6. HP: 44/56 MP: 5/5
  1941 | D:2      | Noticed Natasha
  1949 | D:2      | Killed Natasha
  2361 | D:3      | Found a glowing drain.
  2399 | Sewer    | Entered a sewer
  2491 | Sewer    | HP: 4/84 [kobold brigand (5)]
  2888 | D:3      | Found an iron altar of Okawaru.
  2965 | D:3      | Found Cobeung's Assorted Antiques.
  2992 | D:3      | Bought a scroll of identify for 50 gold pieces
  2992 | D:3      | Bought a scroll of identify for 50 gold pieces
  3091 | D:3      | Reached XP level 7. HP: 35/61 MP: 6/6
  3413 | D:3      | Found a broken altar of Ashenzari.
  3629 | D:3      | Found a radiant altar of Vehumet.
  3629 | D:3      | Found an ancient bone altar of Kikubaaqudgha.
  3630 | D:3      | Found a shimmering blue altar of Sif Muna.
  3957 | D:4      | Identified the +4 dagger of Qij Sebb {speed, rElec Str+4}
  4483 | D:5      | Entered Level 5 of the Dungeon
  4684 | D:5      | Reached skill level 1 in Short Blades
  4743 | D:5      | Reached skill level 5 in Throwing
  4743 | D:5      | Reached XP level 8. HP: 69/70 MP: 7/7
  4749 | D:5      | Reached *** piety under Trog
  4787 | D:5      | Found a staircase to the Ecumenical Temple.
  5129 | Temple   | Entered the Ecumenical Temple
  5394 | D:6      | Noticed Menkaure
  5397 | D:6      | Killed Menkaure
  5610 | D:6      | Noticed Edmund
  5616 | D:6      | Killed Edmund
  5796 | D:6      | Noticed Pikel
  5818 | D:6      | Killed Pikel
  5819 | D:6      | Reached XP level 9. HP: 65/78 MP: 8/8
  7445 | D:8      | Found Reolai's Antique Weapon Shoppe.
  7597 | D:8      | Found a transporter.
  7602 | D:8      | Found a viscous altar of Jiyva.
  7702 | D:8      | Found a transporter.
  7719 | D:8      | Demolished by a large slime creature

Illustrated notes

Levels and vault maps discovered:
D:1:      amcnicky_arrival_choice, layout_loops_cross,
          ebering_ecumenical_altar_abandoned
D:2:      layout_basic, basic_altar, uniq_natasha, uniq_jessica, uniq_sigmund
D:3:      layout_loops_ring, grunt_temple_overflow_magic_moments,
          ashenzari_altar_1, okawaru_trees_2, portal_sewer_entry_a,
          serial_shops, nicolae_shop_overgrown_old_shop, grunt_ministairs_9,
          hangedman_abyss_or_decor_stabs
D:4:      layout_cave_pools, saegor_snake_ambush
D:5:      layout_rooms, lemuel_temple_firewalk_b
D:6:      layout_gridville, uniq_edmund, uniq_pikel, uniq_menkaure
D:7:      layout_basic
D:8:      gammafunk_jiyva_shrine, layout_loops_corners, serial_shops, shop,
          nicolae_blasting_shop, uniq_grum
Temple:   dpeg_chambers_temple

Skill      XL: |  1  2  3  4  5  6  7  8  9 |
---------------+----------------------------+-----
Axes           | 4 5 6 7 |  7.3
Fighting       | 4 5 6 |  6.9
Throwing       | 2 3 5 6 7 |  7.8
Stealth        | 1 2 |  2.6
Dodging        | 3 4 |  4.8
Short Blades   | 1 3 4 |  4.1
Armour         | 4 |  4.9
Polearms       | |  0.1

Action                   |  1- 3 |  4- 6 |  7- 9 || total
-------------------------+-------+-------+-------++-------
Melee: Hand axe          |    56 |    60 |    23 ||   139
       Headbutt          |     9 |    14 |    47 ||    70
       Dagger            |       |       |   145 ||   145
       Scythe            |       |       |     7 ||     7
Throw: Boomerang         |    36 |     9 |    17 ||    62
       Dart              |       |    21 |    10 ||    31
       Stone             |       |     3 |    12 ||    15
       Javelin           |       |       |    31 ||    31
Invok: Berserk           |     1 |     1 |     2 ||     4
  Use: Scroll            |       |     4 |     1 ||     5
       Potion            |       |     1 |     1 ||     2
 Stab: Sleeping          |     1 |       |       ||     1
Armor: Animal skin       |     6 |       |       ||     6
       Robe              |       |     6 |     6 ||    12
       Chain mail        |       |       |    36 ||    36
Dodge: Dodged            |    29 |    28 |   103 ||   160

Table legend: (Time is in decaauts)
 A = Elapsed time spent in this place.
 B = Non-inter-level travel time spent in this place.
 C = Inter-level travel time spent in this place.
 D = Time resting spent in this place.
 E = Time spent auto-exploring this place.
 F = Levels seen in this place.
 G = Mean time per level.
                   A        B        C        D        E       F      G
               +--------+--------+--------+--------+--------+-----+--------+
         Total |   7748 |   7505 |    243 |    791 |   5428 |  10 |  774.8 |
       Dungeon |   7406 |   7186 |    220 |    791 |   5166 |   8 |  925.8 |
        Temple |    227 |    204 |     23 |      0 |    192 |   1 |  227.0 |
         Sewer |    114 |    114 |      0 |      0 |     70 |   1 |  114.0 |
               +--------+--------+--------+--------+--------+-----+--------+

Top non-repeatable levels by time:
     D:3: 1427 daAuts
     D:7: 1167 daAuts
     D:2: 1116 daAuts
     D:1: 1096 daAuts
     D:6: 847 daAuts
     D:4: 793 daAuts
     D:5: 664 daAuts
     D:8: 293 daAuts
  Temple: 227 daAuts
   Sewer: 114 daAuts
